AoeStats
← Legless Sheep

Arabia

509715887Analyzed
3v3 RM · 3d ago on Sep 27, 2026· 29m 39s· 6 players
Game mode
Random Map
Map size
Normal (6 player)
Population
200
Speed
Normal
Resources
Standard
Victory
Conquest
Starting age
Dark Age
Ending age
Imperial Age
RankedLock teamsTeams togetherTeam positionsShared explorationLock speedFull tech treeHidden civsTurbo modeCheats
Victory
Defeat
🇨🇱 Maya · Chile
979
+10
🇲🇽 Khitans · Mexico
860
+15
🇨🇴 Franks · Colombia
808
+18
🇬🇧 Huns · United Kingdom
887
-16
🇦🇷 Spanish · Argentina
851
-15
🇹🇷 Cumans · Türkiye
791
-12
Legless Sheep
10:54 Feudal Age
11:54 Horse Collar
12:04 Double-Bit Axe
19:57 Castle Age
18:26 Gold Mining
22:05 Wheelbarrow
22:02 Husbandry
22:13 Bloodlines
22:35 Heavy Plow
23:14 Bow Saw
24:26 Forging
27:39 Hand Cart
27:24 Stone Mining
28:33 Fletching
28:57 Pikeman
30:22 Gold Shaft Mining
mag8044
0:33 Loom
12:45 Feudal Age
13:20 Double-Bit Axe
16:27 Gold Mining
COCO CARP
7:57 Loom
10:09 Feudal Age
11:49 Double-Bit Axe
17:42 Wheelbarrow
21:05 Castle Age
oswuil123
12:59 Feudal Age
18:49 Man-at-Arms
19:48 Double-Bit Axe
27:05 Castle Age
28:01 Scale Barding Armor
28:07 Husbandry
albert130893
0:35 Loom
10:54 Feudal Age
15:36 Castle Age
14:51 Double-Bit Axe
15:26 Stone Mining
17:44 Bow Saw
22:06 Fletching
22:59 Horse Collar
24:53 Gold Mining
27:02 Wheelbarrow
26:12 Town Watch
28:02 Stone Shaft Mining
27:35 Bodkin Arrow
NIXXT103
2:47 Loom
10:28 Feudal Age
10:57 Double-Bit Axe
13:22 Forging
19:52 Castle Age
18:28 Scale Barding Armor
18:18 Domestication
19:13 Gold Mining
20:45 Bow Saw
26:00 Wheelbarrow
26:35 Iron Casting
27:45 Pastoralism
28:11 Husbandry
28:56 Hand Cart
30:00 Chain Barding Armor
Connection lost

Rejoining the realm…

Still unreachable

The connection could not be restored.

Session expired

The server has moved on; the page needs a fresh start.